 Dungeon Crawl Stone Soup version 0.31-a0-1104-g3bd3108e02 (webtiles) character file.

Game seed: 16458594834516638909

902 Dirtsage the Cleaver (level 7, -10/53 HPs)
             Began as a Minotaur Fighter on Dec 2, 2023.
             Was a Believer of Makhleb.
             Mangled by a gnoll
             ... wielding a +0 halberd
              (13 damage)
             ... on level 5 of the Dungeon.
             The game lasted 00:05:11 (3449 turns).

Dirtsage the Cleaver (Minotaur Fighter)             Turns: 3449, Time: 00:05:11

Health: -10/53     AC: 12    Str: 21    XL:     7   Next: 80%
Magic:  7/7        EV:  8    Int:  4    God:    Makhleb [**....]
Gold:   212        SH:  5    Dex: 14    Spells: 6/6 levels left

rFire   . . .        a - +0 war axe
rCold   + . .        c - +0 buckler
rNeg    . . .        f - +0 chain mail
rPois   .            (helmet restricted)
rElec   .            o - +1 cloak
rCorr   .            (no gloves)
SInv    .            s - +0 pair of boots
Will    .....        (no amulet) Stlth
                     I - ring of protection from cold
HPRegen 0.28/turn    (no ring)
MPRegen 0.10/turn

%: no passive effects
@: no status effects
A: horns 2, retaliatory headbutt, camouflage 1, agile 1, deterioration 1, frail
1
a: Renounce Religion, Minor Destruction


You were on level 5 of the Dungeon.
You worshipped Makhleb.
Makhleb was pleased with you.
You visited 2 branches of the dungeon, and saw 6 of its levels.

You collected 212 gold pieces.

Inventory:

Hand Weapons
 a - a +0 war axe (weapon)
Missiles
 t - 2 throwing nets
Armour
 b - a +0 scale mail
 c - a +0 buckler (worn)
 f - a +0 chain mail (worn)
 o - a +1 cloak (worn)
 s - a +0 pair of boots (worn)
Jewellery
 I - a ring of protection from cold (left hand)
Wands
 l - a wand of flame (17)
Scrolls
 e - a scroll of noise {unknown}
 g - a scroll of vulnerability {unknown}
 h - a scroll of immolation {unknown}
 i - a scroll of blinking {unknown}
 j - 7 scrolls of identify {unknown}
 k - a scroll of silence {unknown}
 p - a scroll of revelation {unknown}
Potions
 d - 2 potions of might
 q - 2 potions of magic
 r - 3 potions of attraction {unknown}


   Skills:
 + Level 4.2 Fighting
 * Level 9.7 Axes
 + Level 4.2 Armour
 + Level 1.6 Dodging
 + Level 4.3 Shields
 + Level 1.4 Invocations


You had 6 spell levels left.
You didn't know any spells.
Your spell library contained the following spells:

 Spells                   Type           Power      Damage    Failure   Level
 Necrotise                Necr           0%         1d4       99%         1
 Static Discharge         Conj/Air       0%         3-3/arc   100%        2
 Vampiric Draining        Necr           0%         2d6       100%        3
 Airstrike                Air            0%         2d(0-16)  100%        4
 Summon Lightning Spire   Summ/Air       0%         N/A       100%        4
 Agony                    Necr           0%         N/A       100%        5


Dungeon Overview and Level Annotations

Branches:
Dungeon (5/15)             Temple (1/1) D:4

Altars:
Ashenzari
Cheibriados
Fedhas
Gozag
Kikubaaqudgha
Makhleb
Qazlal
Ru
Sif Muna
Trog
The Shining One


Innate Abilities, Weirdness & Mutations

You have a pair of horns on your head.
You reflexively headbutt those who attack you in melee.
Your skin changes colour to match your surroundings (Stealth+).
You are agile. (Dex +4, Str/Int -1)
Your body sometimes deteriorates upon taking damage.
You are frail. (-10% HP)


Message History

You closely miss the gnoll. You hit the gnoll.
The gnoll hits you but does no damage. x2
The gnoll sergeant hits you with a +0 trident!
The gnoll closely misses you.
You take 10 damage, and have 28/53 hp.
You are too injured to fight recklessly!
You are too injured to fight recklessly!
You are too injured to fight recklessly!
You slash the gnoll!
You kill the gnoll!
Makhleb accepts your kill.
You feel better.
You hit the gnoll sergeant. You barely miss the gnoll. You hit the gnoll.
The gnoll hits you with a +0 flail!
The gnoll hits you from afar with a +0 halberd.
* * * LOW HITPOINT WARNING * * *
The gnoll hits you with a +0 spear.
* * * LOW HITPOINT WARNING * * *
You take 15 damage, and have 13/53 hp.
MASSIVE DAMAGE!!
The gnoll hits you with a +0 flail.
* * * LOW HITPOINT WARNING * * *
The gnoll hits you but does no damage. x2; You block the gnoll's attack.
The gnoll sergeant hits you with a +0 trident!
* * * LOW HITPOINT WARNING * * *
Things that are here:
a +0 halberd; 13 gold pieces; a gnoll corpse You take 10 damage, and have 3/53 hp.
You slash the gnoll! Your headbutt misses the gnoll.
The gnoll is severely wounded.
You barely miss the gnoll.
You hit the gnoll sergeant but do no damage.
You block the gnoll's attack. The gnoll barely misses you.
The gnoll completely misses you. The gnoll hits you but does no damage.
You block the gnoll sergeant's attack.
MP restored: 7 You barely miss the gnoll.
The gnoll is severely wounded.
You slash the gnoll sergeant! You hit the gnoll.
The gnoll hits you but does no damage.
The gnoll hits you from afar with a +0 halberd!
You die...

.......##. ..#''#.
........#. .......
..........#. #......
............ '......
....##...... '......'
##... #.......
#.....g####..# ##......>
.......g##)..###.....#..
''#g@)....#......#...
##.g...###.#...##..
#g....)...#..####.
#.....#)......# ##
#.....##.......#
.......##......##
.......####..####
######## ####


You could see a gnoll sergeant and 4 gnolls.

Vanquished Creatures
  A phantom (D:4)
  2 orc priests
  6 hounds (D:5)
  A gnoll bouda (D:5)
  An iron imp (D:5)
  Jessica (D:3)
  An iguana (D:4)
  Terence (D:2)
  A sleepcap (D:4)
  4 orc wizards
  13 gnolls (D:5)
  9 adders
  A shadow imp (D:5)
  2 ufetubi (D:5)
  A worm (D:5)
  5 dart slugs
  17 orcs
  3 endoplasms (D:3)
  2 giant cockroaches
  A hobgoblin (D:2)
  8 jackals (D:5)
  4 quokkas
  2 ball pythons (D:4)
  7 bats
  7 frilled lizards
  4 goblins
  A goblin zombie (D:5)
  2 hobgoblin zombies (D:5)
  5 kobolds
  An orc zombie (D:5)
  2 rats
116 creatures vanquished.

Notes
Turn   | Place    | Note
-------+----------+-------------------------------------------
     0 | D:1      | Dirtsage the Minotaur Fighter began the quest for the Orb.
     0 | D:1      | Reached XP level 1. HP: 19/19 MP: 0/0
   216 | D:1      | Reached skill level 3 in Axes
   226 | D:1      | Reached XP level 2. HP: 26/26 MP: 1/1
   300 | D:1      | Found a faded altar of an unknown god.
   462 | D:1      | You fall into a shaft and drop 1 floor!
   468 | D:2      | Found an opulent altar of Gozag.
   517 | D:2      | Noticed Terence
   523 | D:2      | Killed Terence
   524 | D:2      | Reached skill level 4 in Axes
   524 | D:2      | Reached XP level 3. HP: 31/31 MP: 2/2
  1037 | D:2      | Reached skill level 5 in Axes
  1069 | D:2      | Reached XP level 4. HP: 39/39 MP: 3/3
  1558 | D:3      | Reached skill level 6 in Axes
  1716 | D:3      | Reached XP level 5. HP: 45/45 MP: 4/4
  1757 | D:3      | Noticed Jessica
  1762 | D:3      | Killed Jessica
  2032 | D:4      | Reached skill level 7 in Axes
  2237 | D:4      | Found a staircase to the Ecumenical Temple.
  2244 | Temple   | Entered the Ecumenical Temple
  2274 | Temple   | Became a worshipper of Makhleb the Destroyer
  2366 | D:4      | Found a stormy altar of Qazlal.
  2378 | D:4      | Reached XP level 6. HP: 47/51 MP: 5/5
  2403 | D:4      | Reached skill level 8 in Axes
  2691 | D:5      | Entered Level 5 of the Dungeon
  2989 | D:5      | Reached * piety under Makhleb
  3059 | D:5      | Reached skill level 9 in Axes
  3070 | D:5      | Reached XP level 7. HP: 57/57 MP: 6/6
  3203 | D:5      | Found a glowing golden altar of the Shining One.
  3208 | D:5      | Reached skill level 1 in Dodging
  3229 | D:5      | Reached skill level 1 in Invocations
  3231 | D:5      | Gained mutation: You are agile. (Dex +4, Str/Int -1)
                  | [potion of mutation]
  3231 | D:5      | Gained mutation: Your body sometimes deteriorates upon
                  | taking damage. [potion of mutation]
  3231 | D:5      | Gained mutation: You are frail. (-10% HP) [potion of
                  | mutation]
  3231 | D:5      | Gained mutation: Your skin changes colour to match your
                  | surroundings (Stealth+). [potion of mutation]
  3394 | D:5      | Reached ** piety under Makhleb
  3449 | D:5      | Mangled by a gnoll

Illustrated notes

Levels and vault maps discovered:
D:1:      dpeg_arrival_more_subterranean_lakeside_camping, layout_loops_ring,
          ebering_ecumenical_altar_webs, minmay_tromino_mix6
D:2:      layout_basic, basic_altar, uniq_terence
D:3:      layout_rooms, grunt_ministairs_6, uniq_jessica
D:4:      wander_river, layout_loops_ring, mainiacjoe_overflow_tiny_flanked,
          minmay_temple_entry_hall, nicolae_letterblocks
          [nicolae_letter_subblock, nicolae_letter_subblock,
          nicolae_letter_subblock, nicolae_letter_subblock,
          nicolae_letter_subblock, nicolae_letter_subblock,
          nicolae_letter_subblock, nicolae_letter_subblock,
          nicolae_letter_subblock, nicolae_letter_subblock,
          nicolae_letter_subblock, nicolae_letter_subblock,
          nicolae_letter_subblock, nicolae_letter_subblock,
          nicolae_letter_subblock, nicolae_letter_subblock,
          nicolae_letter_subblock, nicolae_letter_subblock,
          nicolae_letter_subblock, nicolae_letter_subblock,
          nicolae_letter_subblock, nicolae_letter_subblock,
          nicolae_letter_subblock, nicolae_letter_subblock,
          nicolae_letter_subblock]
D:5:      layout_cave_pools, nicolae_tso_besieged_by_evil, kennysheep_mini,
          serial_gnoll_camp, gnoll_camp_huts_basic, gnoll_camp_mini_doghouse,
          gnoll_camp_mini_hut, gnoll_camp_mini_doghouse,
          gnoll_camp_mini_loothouse, gnoll_camp_mini_hut
Temple:   kb_temple_of_zot

Skill      XL: |  1  2  3  4  5  6  7 |
---------------+----------------------+-----
Axes           | 3 4 5 6 7 9 |  9.7
Dodging        | 1 |  1.6
Shields        | 4 |  4.3
Fighting       | 4 |  4.2
Armour         | 4 |  4.2
Invocations    | 1 |  1.4

Action                     |  1- 3 |  4- 6 |  7- 9 || total
---------------------------+-------+-------+-------++-------
  Melee: War axe           |    60 |   135 |    71 ||   266
         Headbutt          |    11 |    15 |    10 ||    36
    Use: Potion            |       |       |     4 ||     4
 Armour: Scale mail        |    12 |       |       ||    12
         Chain mail        |    42 |   106 |    82 ||   230
  Dodge: Dodged            |    29 |    50 |    42 ||   121
  Block: Buckler           |    15 |    26 |    17 ||    58

Table legend: (Time is in decaauts)
 A = Elapsed time spent in this place.
 B = Non-inter-level travel time spent in this place.
 C = Inter-level travel time spent in this place.
 D = Time resting spent in this place.
 E = Time spent auto-exploring this place.
 F = Levels seen in this place.
 G = Mean time per level.
                   A        B        C        D        E       F      G
               +--------+--------+--------+--------+--------+-----+--------+
         Total |   3513 |   3304 |    209 |      0 |   2629 |   6 |  585.5 |
       Dungeon |   3452 |   3301 |    151 |      0 |   2629 |   5 |  690.4 |
        Temple |     60 |      2 |     58 |      0 |      0 |   1 |   60.0 |
               +--------+--------+--------+--------+--------+-----+--------+

Top non-repeatable levels by time:
     D:5: 767 daAuts
     D:2: 746 daAuts
     D:1: 725 daAuts
     D:4: 674 daAuts
     D:3: 538 daAuts
  Temple: 60 daAuts
